 Dungeon Crawl Stone Soup version 0.31-a0-219-g8d62b2e7bb (webtiles) character file.

Game seed: 15031837274105714768

147 qw the Shooter (level 5, -15/45 HPs)
             Began as a Minotaur Hexslinger on July 3, 2023.
             Demolished by an ogre
             ... wielding a +0 giant club
              (19 damage)
             ... on level 3 of the Dungeon.
             The game lasted 00:00:57 (1747 turns).

qw the Shooter (Minotaur Hexslinger)                Turns: 1747, Time: 00:00:58

Health: -15/45     AC:  4    Str: 13    XL:     5   Next: 7%
Magic:  5/5        EV: 12    Int: 10    God:
Gold:   188        SH:  0    Dex: 14    Spells: 5/6 levels left

rFire   . . .        Y - +1 sling
rCold   . . .        (no shield)
rNeg    . . .        i - +0 leather armour
rPois   .            (helmet restricted)
rElec   .            (no cloak)
rCorr   .            e - +0 pair of gloves
SInv    .            (no boots)
Will    .....        (no amulet)
Stlth   +            (no ring)
HPRegen 0.27/turn    (no ring)
MPRegen 0.09/turn

%: no passive effects
@: no status effects
A: horns 2, retaliatory headbutt
a: no special abilities


You were on level 3 of the Dungeon.
You visited 1 branch of the dungeon, and saw 3 of its levels.

You collected 212 gold pieces.
You spent 24 gold pieces at shops.


Innate Abilities, Weirdness & Mutations

You have a pair of horns on your head.
You reflexively headbutt those who attack you in melee.


   Skills:
 - Level 3.2 Fighting
 + Level 5.1 Ranged Weapons
 - Level 2.1 Dodging
 - Level 1.0 Spellcasting
 - Level 2.0 Hexes


You had 5 spell levels left.
You knew the following spells:

 Your Spells              Type           Power      Damage    Failure   Level
a - Slow                  Hex            16%        N/A       19%         1

Your spell library contained the following spells:

 Spells                   Type           Power      Damage    Failure   Level
 Inner Flame              Hex/Fire       2%         N/A       65%         3
 Portal Projectile        Hex/Tloc       4%         N/A       65%         3
 Cause Fear               Hex            2%         N/A       88%         4

Inventory:

Hand Weapons
 Y - a +1 sling (weapon)
Armour
 c - a +0 leather armour of positive energy
 e - a +0 pair of gloves (worn)
 i - a +0 leather armour (worn)
Scrolls
 a - a scroll of enchant armour {unknown}
 b - 2 scrolls of identify
 f - a scroll of fear {unknown}
Potions
 d - 6 potions of curing
 g - a potion of heal wounds {unknown}
 h - 2 potions of attraction {unknown}

Dungeon Overview and Level Annotations

Branches:
Dungeon (3/15)

Altars:
Kikubaaqudgha

Shops:
D:3 *


Message History

The goblin closely misses you. The goblin misses you.
You shoot a sling bullet. The sling bullet hits the goblin.
You kill the goblin!
The goblin closely misses you. You furiously retaliate!
You headbutt the goblin. The goblin hits you but does no damage.
You shoot a sling bullet. The sling bullet hits the goblin.
You kill the goblin!
The goblin barely misses you.
You shoot a sling bullet.
The sling bullet closely misses the goblin. x2
The goblin hits you with a +0 club. The goblin barely misses you.
You shoot a sling bullet. The sling bullet hits the goblin.
You kill the goblin!
The goblin hits you but does no damage.
You shoot a sling bullet. The sling bullet hits the goblin.
You kill the goblin!
The goblin hits you with a +0 dagger.
You shoot a sling bullet.
The sling bullet hits the ogre but does no damage.
The goblin closely misses you.
The ogre hits you with a +0 giant club!!
Ouch! That really hurt!
The goblin barely misses you. You furiously retaliate!
You headbutt the goblin. You shoot a sling bullet.
The sling bullet closely misses the goblin.
The ogre barely misses you. You furiously retaliate!
You headbutt the ogre! The goblin hits you but does no damage.
You shoot a sling bullet.
The sling bullet barely misses the ogre.
The sling bullet hits the goblin.
You kill the goblin!
The goblin hits you with a +0 dagger. The ogre barely misses you.
You shoot a sling bullet. The sling bullet hits the ogre.
The ogre is moderately wounded.
The goblin hits you but does no damage. The ogre barely misses you.
You shoot a sling bullet. The sling bullet hits the ogre.
The ogre is heavily wounded.
The goblin hits you but does no damage.
The ogre hits you with a +0 giant club!!
You die...

##.# ##............# ##.###
#..).........# ##...#
#............# ####.#
#....).......# #..#.#
#.........### ########## #..#.#
#.........# #.......... #..#.#
#.#####...# #.......... #....##
#.#(..#g.%####.......... ......#
###..)O@.....#.......... #.###.#
#..(##.....#.......... ......####
### #.....#..........
#...<....##### #.....#..........
#............# ###.###...........
.........###.###ยค...0#...........
..........##(..#.....#.#####.####
......###.##.#...._.....####.#
......# #.##.###.....#....##.#


You could see an ogre and a goblin.

Vanquished Creatures
  A jelly (D:3)
  3 adders (D:2)
  A worm (D:3)
  2 dart slugs (D:1)
  An orc (D:3)
  4 ball pythons
  4 endoplasms
  3 giant cockroaches
  14 goblins
  2 hobgoblins
  7 jackals
  7 kobolds
  6 quokkas
  8 bats
  4 frilled lizards
  10 rats
77 creatures vanquished.

Notes
Turn   | Place    | Note
-------+----------+-------------------------------------------
     0 | D:1      | qw the Minotaur Hexslinger began the quest for the Orb.
     0 | D:1      | Reached XP level 1. HP: 16/16 MP: 1/1
     0 | D:1      | 0 ||| qw: Version: 0.3-a-40-ge99b1a8
     0 | D:1      | 0 ||| qw: Game counter: 428
     0 | D:1      | 0 ||| qw: Melee chars always use a shield: true
     0 | D:1      | 0 ||| qw: God list: Okawaru
     0 | D:1      | 0 ||| qw: Allow faded altars: false
     0 | D:1      | 0 ||| qw: Do Orc after clearing Dungeon:15 true
     0 | D:1      | 0 ||| qw: Do second Lair branch before Depths: true
     0 | D:1      | 0 ||| qw: Lair rune preference: random
     0 | D:1      | 0 ||| qw: Goals: Normal
     0 | D:1      | 0 ||| PLANNING D:1-11
   108 | D:1      | Reached skill level 3 in Ranged Weapons
   108 | D:1      | Reached XP level 2. HP: 23/23 MP: 2/2
   127 | D:1      | Found a faded altar of an unknown god.
   332 | D:1      | 332 ||| FLEEEEING.
   333 | D:1      | 333 ||| FLEEEEING.
   334 | D:1      | 334 ||| FLEEEEING.
   335 | D:1      | 335 ||| FLEEEEING.
   336 | D:1      | 336 ||| FLEEEEING.
   337 | D:1      | 337 ||| FLEEEEING.
   357 | D:1      | Reached XP level 3. HP: 28/29 MP: 3/3
   685 | D:1      | 685 ||| UPGRADING to +0 pair of gloves.
   690 | D:1      | 690 ||| DROPPING ring of wizardry.
   691 | D:1      | 691 ||| DRINKING 6 fuming coppery potions.
   692 | D:1      | 692 ||| DROPPING scroll of poison.
   776 | D:2      | Reached skill level 4 in Ranged Weapons
   971 | D:2      | Reached XP level 4. HP: 36/36 MP: 4/4
  1117 | D:2      | 1117 ||| UPGRADING to +0 leather armour.
  1127 | D:2      | 1127 ||| DROPPING +0 robe.
  1128 | D:2      | 1128 ||| READING scroll labelled FAMIDUSIAD.
  1129 | D:2      | 1129 ||| READING scroll labelled TYEFELOFIO.
  1235 | D:3      | Found Ziqen's General Store.
  1259 | D:3      | 1259 ||| BUYING scroll of identify (24 gold).
  1259 | D:3      | Bought a scroll of identify for 24 gold pieces
  1372 | D:3      | Found an ancient bone altar of Kikubaaqudgha.
  1451 | D:3      | Reached skill level 5 in Ranged Weapons
  1674 | D:3      | Reached skill level 3 in Fighting
  1706 | D:3      | Reached XP level 5. HP: 45/45 MP: 5/5
  1732 | D:3      | Noticed an ogre
  1743 | D:3      | HP: 6/45 [ogre/+0 giant club (30)]
  1747 | D:3      | Demolished by an ogre

Levels and vault maps discovered:
D:1:      onia_arrival_handbag, layout_loops_ring,
          shapermc_ecumenical_altar_rom_forum
D:2:      layout_rooms
D:3:      layout_basic, nicolae_kikubaaqudgha_miasma_corner, tgw_xom,
          serial_shops, shop, minmay_ogre_servants, uniq_natasha

Skill      XL: |  1  2  3  4 |
---------------+-------------+-----
Ranged Weapons | 3 4 5 |  5.1
Fighting       | 2 3 |  3.2
Dodging        | |  2.1
Spellcasting   | |  1.0
Hexes          | |  2.0

Action                     |  1- 3 |  4- 6 || total
---------------------------+-------+-------++-------
   Fire: Sling             |   127 |    87 ||   214
    Use: Potion            |     1 |       ||     1
         Scroll            |       |     2 ||     2
 Armour: Robe              |     7 |       ||     7
         Leather armour    |       |    13 ||    13
  Dodge: Dodged            |    37 |    31 ||    68

Table legend:
 A = Non-vault XP
 B = Vault XP
 C = Vault XP percentage of total XP
 D = Non-vault monster count
 E = Vault monster count
 F = Vault count percentage of total count
                 A         B        C        D         E       F
            +---------+---------+-------+---------+---------+-------
      Total |     192 |      18 |   8.6 |      66 |      11 |  14.3
            +---------+---------+-------+---------+---------+-------
        D:1 |      48 |       5 |   9.4 |      27 |       4 |  12.9
        D:2 |      60 |       0 |   0.0 |      16 |       0 |   0.0
        D:3 |      84 |      13 |  13.4 |      23 |       7 |  23.3
            +---------+---------+-------+---------+---------+-------
